 Dungeon Crawl Stone Soup version 0.20-a0-1085-g627af9b (webtiles) character file.

521 MatthieuS the Spear-Bearer (level 7, 0/55 HPs)
             Began as a Merfolk Gladiator on May 1, 2017.
             Was an Initiate of Okawaru.
             Slain by Blork the orc
             ... wielding a +0 scimitar
              (12 damage)
             ... on level 4 of the Dungeon.
             The game lasted 00:14:52 (4278 turns).

MatthieuS the Spear-Bearer (Merfolk Gladiator)      Turns: 4278, Time: 00:14:53

Health: 0/55       AC:  7    Str: 14 (16) XL:     7   Next: 21%
Magic:  7/7        EV: 14    Int: 15 (17) God:    Okawaru [......]
Gold:   96         SH:  0    Dex: 12 (15) Spells: 6/6 levels left

rFire    . . .     SeeInvis .   a - +0 trident
rCold    . . .     Gourm    .   (no shield)
rNeg     . . .     Faith    .   b - +0 leather armour
rPois    .         Spirit   .   c - +1 helmet
rElec    .         Reflect  .   q - +0 cloak
rCorr    .         Harm     .   r - +0 pair of gloves
MR       .....     Rnd*Tele +   (no boots)
Stlth    +.........             (no amulet)
Regen    0.2/turn               n - ring of teleportation (curse)
MPRegen  0.1/turn               (no ring)

@: brilliant
A: change form in water, swift swim, stealthy swim, clever 2, MP-powered wands
a: Renounce Religion


You were on level 4 of the Dungeon.
You worshipped Okawaru.
Okawaru was noncommittal.
You were not hungry.

You visited 1 branch of the dungeon, and saw 4 of its levels.

You collected 96 gold pieces.

Inventory:

Hand Weapons
 a - a +0 trident (weapon)
 k - a +1 spear of venom
 w - a +0 blowgun
Missiles
 d - 3 throwing nets (quivered)
 t - 2 poisoned needles
Armour
 b - a +0 leather armour (worn)
 c - a +1 helmet (worn)
 q - a +0 cloak (worn)
 r - a +0 pair of gloves (worn)
Jewellery
 n - a cursed ring of teleportation (left hand)
Scrolls
 e - 2 scrolls of recharging
 j - 3 scrolls of remove curse
 m - 2 scrolls of enchant armour
Comestibles
 f - 3 bread rations
 g - 2 meat rations
 u - a royal jelly


   Skills:
 + Level 4.3 Fighting
 * Level 9.0 Polearms
 - Level 2.0 Throwing
 + Level 6.1 Dodging


You had 6 spell levels left.
You didn't know any spells.

Dungeon Overview and Level Annotations

Branches:
Dungeon (4/15)
 Temple: D:4-7

Altars:
Okawaru

Annotations:
D:4 Blork the orc


Innate Abilities, Weirdness & Mutations

You revert to your normal form in water.
You are very nimble and swift while swimming.
You are very stealthy in the water. (Stealth+)
Your mind is very acute. (Int +4)
You expend magic power (3 MP) to strengthen your wands.


Message History

Blork the orc is lightly wounded.
Blork the orc hits you with a scimitar!
* * * LOW HITPOINT WARNING * * *
Blork the orc casts a spell at you. The puff of flame misses you.
You aren't carrying any potions.
Okay, then.
You barely miss Blork the orc.
Blork the orc is lightly wounded.
Blork the orc hits you but does no damage.
You hit Blork the orc.
Blork the orc is lightly wounded.
Blork the orc casts a spell at you. The magic dart hits you!
* * * LOW HITPOINT WARNING * * *
A shadow imp comes into view.
You hit Blork the orc.
Blork the orc is moderately wounded.
Blork the orc hits you with a scimitar!
You die...

#.###.# #............######
#..##.# #...[........'.....
##.##$# #............######
#####..#.#####............#
#.........................#
#.####..........5.........#
##.# .........####.[....#
...# .........# #......#
##### ...?...o@# #......#
..... .>.......# #......#
....# ########## #......#
..?.# ######## ....# ....#
#####


You could see Blork the orc and a shadow imp.

Vanquished Creatures
  A hound (D:4)
  4 orc priests
  2 orc wizards
  A centaur skeleton (D:4)
  2 iguanas (D:4)
  A worker ant (D:4)
  A hound skeleton (D:4)
  6 adders
  An ooze (D:2)
  An adder skeleton (D:4)
  4 worms
  2 dart slugs (D:1)
  2 leopard geckos
  15 orcs
  2 ball pythons (D:1)
  7 giant cockroaches
  8 goblins
  13 hobgoblins
  4 jackals (D:3)
  11 kobolds
  A quokka (D:2)
  9 bats
  8 frilled lizards
  A jackal skeleton (D:4)
  12 rats
119 creatures vanquished.

Notes
Turn   | Place    | Note
-------+----------+-------------------------------------------
     0 | D:1      | MatthieuS the Merfolk Gladiator began the quest for the Orb.
     0 | D:1      | Reached XP level 1. HP: 16/16 MP: 1/1
    60 | D:1      | Reached skill level 5 in Polearms
    60 | D:1      | Reached XP level 2. HP: 20/22 MP: 2/2
   198 | D:1      | Reached XP level 3. HP: 28/28 MP: 3/3
   964 | D:2      | Reached skill level 6 in Polearms
   994 | D:2      | Reached XP level 4. HP: 30/34 MP: 4/4
  1295 | D:2      | Found a faded altar of an unknown god.
  1444 | D:2      | Found an iron altar of Okawaru.
  1470 | D:2      | Became a worshipper of Warmaster Okawaru
  1926 | D:3      | Reached XP level 5. HP: 32/41 MP: 5/5
  2050 | D:3      | Reached skill level 7 in Polearms
  2190 | D:3      | HP: 2/41 [orc priest/divine providence (9)]
  2391 | D:3      | Reached skill level 5 in Dodging
  2681 | D:3      | Reached XP level 6. HP: 22/48 MP: 6/6
  3098 | D:3      | Reached skill level 8 in Polearms
  3737 | D:4      | Noticed Blork the orc
  3849 | D:4      | Reached XP level 7. HP: 53/54 MP: 7/7
  4075 | D:4      | Reached skill level 9 in Polearms
  4257 | D:4      | Gained mutation: You expend magic power (3 MP) to strengthen your wands. [potion of mutation]
  4257 | D:4      | Gained mutation: Your mind is acute. (Int +2) [potion of mutation]
  4257 | D:4      | Gained mutation: Your mind is very acute. (Int +4) [potion of mutation]
  4278 | D:4      | Slain by Blork the orc

Vault maps used:
D:1:      nicolae_arrival_washed_ashore, minmay_pentomino_w4
D:2:      chequers_ecumenical_altar_lobes, first_bread, okawaru_gym_becter
D:4:      uniq_blork_the_orc

Skill      XL: |  1  2  3  4  5  6  7 |
---------------+----------------------+-----
Polearms       | 5 6 7 8 9 |  9.0
Fighting       | 3 4 |  4.3
Dodging        | 5 6 |  6.1
Throwing       | |  2.0

Action                   |  1- 3 |  4- 6 |  7- 9 || total
-------------------------+-------+-------+-------++-------
Melee: Trident           |   125 |   292 |    37 ||   454
  Use: Potion            |       |     1 |     4 ||     5
       Scroll            |       |       |     4 ||     4
 Stab: Sleeping          |     1 |     4 |       ||     5
  Eat: Chunk             |       |     9 |       ||     9
       Fruit             |       |     5 |       ||     5
Armor: Leather armour    |    17 |    43 |     4 ||    64
Dodge: Dodged            |    75 |   136 |    18 ||   229
